 Dungeon Crawl Stone Soup version 0.31-a0-664-g902f515a81 (webtiles) character file.

Game seed: 13684950575467540698

7 LobsterGuardian the Vexing (level 1, 0/11 HPs)
             Began as a Deep Elf Hexslinger on Sept 3, 2023.
             Frozen to death by an endoplasm (4 damage)
             ... on level 1 of the Dungeon.
             The game lasted 00:01:17 (101 turns).

LobsterGuardian the Vexing (Deep Elf Hexslinger)     Turns: 101, Time: 00:01:17

Health: 0/11       AC:  2    Str:  5    XL:     1   Next: 91%
Magic:  3/5        EV: 13    Int: 17    God:
Gold:   2          SH:  0    Dex: 17    Spells: 2/3 levels left

rFire   . . .        a - +1 sling
rCold   . . .        (no shield)
rNeg    . . .        c - +0 robe
rPois   .            (no helmet)
rElec   .            (no cloak)
rCorr   .            (no gloves)
SInv    .            (no boots)
Will    .....        (no amulet)
Stlth   ++           e - ring of wizardry
HPRegen 0.21/turn    (no ring)
MPRegen 0.09/turn

%: wizardry (x1)
@: no status effects
A: no striking features
a: no special abilities


You were on level 1 of the Dungeon.
You visited 1 branch of the dungeon, and saw 1 of its levels.

You collected 2 gold pieces.

Inventory:

Hand Weapons
 a - a +1 sling (weapon)
Armour
 c - a +0 robe (worn)
Jewellery
 e - a ring of wizardry (left hand)
Scrolls
 b - a scroll of poison
 d - a scroll of fear {unknown}


   Skills:
 + Level 0.8 Fighting
 * Level 3.3 Ranged Weapons
 + Level 2.4 Dodging
 + Level 1.5 Spellcasting
 + Level 4.2 Hexes


You had 2 spell levels left.
You knew the following spells:

 Your Spells              Type           Power      Damage    Failure   Level
a - Slow                  Hex            60%        N/A       1%          1

Your spell library contained the following spells:

 Spells                   Type           Power      Damage    Failure   Level
 Inner Flame              Hex/Fire       8%         N/A       11%         3
 Portal Projectile        Hex/Tloc       16%        N/A       11%         3
 Cause Fear               Hex            7%         N/A       14%         4


Dungeon Overview and Level Annotations

Branches:
Dungeon (1/15)

Altars:


Message History

The endoplasm quivers.
An endoplasm is nearby!
You shoot a sling bullet. The sling bullet hits the endoplasm.
The endoplasm is heavily wounded.
You shoot a sling bullet. The sling bullet hits the endoplasm.
The endoplasm is almost dead.
You shoot a sling bullet. The sling bullet hits the endoplasm!
You kill the endoplasm!
You see here a ball python corpse. 2 goblins and a dart slug come into view.
A goblin is wielding a +1 dagger of freezing.
There are monsters nearby!
You shoot a sling bullet. The sling bullet hits the goblin.
The goblin is severely wounded.
The goblin shouts!
You shoot a sling bullet. The sling bullet hits the goblin.
You kill the goblin!
The goblin struggles to resist.
The goblin struggles to resist.
The goblin hits you with a +1 dagger of freezing.
The goblin freezes you.
An endoplasm comes into view.
The endoplasm quivers.
The goblin struggles to resist.
The goblin completely misses you. The endoplasm freezes you.
You are frozen.
The goblin attacks as it pursues you! The goblin barely misses you.
The endoplasm attacks as it pursues you!
The endoplasm closely misses you. The goblin attacks as it pursues you!
The goblin hits you with a +1 dagger of freezing.
The goblin freezes you.
The endoplasm attacks as it pursues you!
The endoplasm barely misses you.
The endoplasm attacks as it pursues you!
The endoplasm barely misses you.
You shoot a sling bullet. The sling bullet hits the endoplasm.
The endoplasm is almost dead.
The endoplasm freezes you.
You are frozen.
You die...

##.. #..# #..w
#..# # #... #..#
..) #..#
#$#####..#
#........# .#
####.###.# .####
######...##g#
.....
.........@J.#
..##
#####.†.####
...# ##.## ..##
#.# #.# #.# ..#
#.# #.# #.# #.#
#.#
#.############.#


You could see an endoplasm and a goblin.

Vanquished Creatures
  2 ball pythons (D:1)
  An endoplasm (D:1)
  A goblin (D:1)
  2 kobolds (D:1)
  A rat (D:1)
7 creatures vanquished.

Notes
Turn   | Place    | Note
-------+----------+-------------------------------------------
     0 | D:1      | LobsterGuardian the Deep Elf Hexslinger began the quest for
                  | the Orb.
     0 | D:1      | Reached XP level 1. HP: 11/11 MP: 5/5
   101 | D:1      | Frozen to death by an endoplasm

Illustrated notes

Levels and vault maps discovered:
D:1:      dpeg_arrival_another_circle, layout_loops_ring

Skill      XL: |  1 |
---------------+----+-----
Ranged Weapons | 3 |  3.3
Fighting       | |  0.8
Dodging        | |  2.4
Spellcasting   | |  1.5
Hexes          | |  4.2

Action                     || total
---------------------------++-------
   Fire: Sling             ||    12
   Cast: Slow              ||     3
 Armour: Robe              ||     2
  Dodge: Dodged            ||     5

Table legend: (Time is in decaauts)
 A = Elapsed time spent in this place.
 B = Non-inter-level travel time spent in this place.
 C = Inter-level travel time spent in this place.
 D = Time resting spent in this place.
 E = Time spent auto-exploring this place.
 F = Levels seen in this place.
 G = Mean time per level.
                   A        B        C        D        E       F      G
               +--------+--------+--------+--------+--------+-----+--------+
         Total |    103 |    103 |      0 |      0 |     66 |   1 |  103.0 |
       Dungeon |    103 |    103 |      0 |      0 |     66 |   1 |  103.0 |
               +--------+--------+--------+--------+--------+-----+--------+

Top non-repeatable levels by time:
     D:1: 103 daAuts
